Workbook

Sheet Read me
A1: KPI dashboard template
A3: KPI list: define each measure once: what it means, how it's calculated, who owns it, the target, whether higher or lower is better, and how far from target counts as amber.
A4: Data: enter each month's result. Dashboard: pick the month to show (1-12) and it shows each KPI against target, the change since last month and a red, amber or green status, with trend charts.
A5: The example figures are for a fictional company. Replace the KPIs, targets and data with your own.
A6: Status rules: green = on or better than target; amber = worse than target but within the amber band; red = outside the amber band.
A7: Keep it to the handful of measures that drive decisions. If nobody acts on a KPI, take it off.
A9: Pale yellow cells are inputs. Everything else is calculated.
A10: Free template from runbooked.co

Sheet Dashboard
A1: KPI dashboard
A3: Month to show (1-12) | C3: 9 | D3: =INDEX(Data!$C$4:$N$4,$C$3)
A5: KPI | B5: Target | C5: This month | D5: Last month | E5: Change | F5: Status | G5: Owner
A6: ='KPI list'!A5 | B6: ='KPI list'!F5 | C6: =IF(INDEX(Data!$C5:$N5,$C$3)="","",INDEX(Data!$C5:$N5,$C$3)) | D6: =IF($C$3<2,"",IF(INDEX(Data!$C5:$N5,$C$3-1)="","",INDEX(Data!$C5:$N5,$C$3-1))) | E6: =IF(OR(C6="",D6=""),"",C6-D6) | F6: =IF(C6="","",IF('KPI list'!G5="Lower",IF(C6<=B6,"Green",IF(C6<=B6*(1+'KPI list'!H5),"Amber","Red")),IF(C6>=B6,"Green",IF(C6>=B6*(1-'KPI list'!H5),"Amber","Red")))) | G6: ='KPI list'!E5
A7: ='KPI list'!A6 | B7: ='KPI list'!F6 | C7: =IF(INDEX(Data!$C6:$N6,$C$3)="","",INDEX(Data!$C6:$N6,$C$3)) | D7: =IF($C$3<2,"",IF(INDEX(Data!$C6:$N6,$C$3-1)="","",INDEX(Data!$C6:$N6,$C$3-1))) | E7: =IF(OR(C7="",D7=""),"",C7-D7) | F7: =IF(C7="","",IF('KPI list'!G6="Lower",IF(C7<=B7,"Green",IF(C7<=B7*(1+'KPI list'!H6),"Amber","Red")),IF(C7>=B7,"Green",IF(C7>=B7*(1-'KPI list'!H6),"Amber","Red")))) | G7: ='KPI list'!E6
A8: ='KPI list'!A7 | B8: ='KPI list'!F7 | C8: =IF(INDEX(Data!$C7:$N7,$C$3)="","",INDEX(Data!$C7:$N7,$C$3)) | D8: =IF($C$3<2,"",IF(INDEX(Data!$C7:$N7,$C$3-1)="","",INDEX(Data!$C7:$N7,$C$3-1))) | E8: =IF(OR(C8="",D8=""),"",C8-D8) | F8: =IF(C8="","",IF('KPI list'!G7="Lower",IF(C8<=B8,"Green",IF(C8<=B8*(1+'KPI list'!H7),"Amber","Red")),IF(C8>=B8,"Green",IF(C8>=B8*(1-'KPI list'!H7),"Amber","Red")))) | G8: ='KPI list'!E7
A9: ='KPI list'!A8 | B9: ='KPI list'!F8 | C9: =IF(INDEX(Data!$C8:$N8,$C$3)="","",INDEX(Data!$C8:$N8,$C$3)) | D9: =IF($C$3<2,"",IF(INDEX(Data!$C8:$N8,$C$3-1)="","",INDEX(Data!$C8:$N8,$C$3-1))) | E9: =IF(OR(C9="",D9=""),"",C9-D9) | F9: =IF(C9="","",IF('KPI list'!G8="Lower",IF(C9<=B9,"Green",IF(C9<=B9*(1+'KPI list'!H8),"Amber","Red")),IF(C9>=B9,"Green",IF(C9>=B9*(1-'KPI list'!H8),"Amber","Red")))) | G9: ='KPI list'!E8
A10: ='KPI list'!A9 | B10: ='KPI list'!F9 | C10: =IF(INDEX(Data!$C9:$N9,$C$3)="","",INDEX(Data!$C9:$N9,$C$3)) | D10: =IF($C$3<2,"",IF(INDEX(Data!$C9:$N9,$C$3-1)="","",INDEX(Data!$C9:$N9,$C$3-1))) | E10: =IF(OR(C10="",D10=""),"",C10-D10) | F10: =IF(C10="","",IF('KPI list'!G9="Lower",IF(C10<=B10,"Green",IF(C10<=B10*(1+'KPI list'!H9),"Amber","Red")),IF(C10>=B10,"Green",IF(C10>=B10*(1-'KPI list'!H9),"Amber","Red")))) | G10: ='KPI list'!E9
A11: ='KPI list'!A10 | B11: ='KPI list'!F10 | C11: =IF(INDEX(Data!$C10:$N10,$C$3)="","",INDEX(Data!$C10:$N10,$C$3)) | D11: =IF($C$3<2,"",IF(INDEX(Data!$C10:$N10,$C$3-1)="","",INDEX(Data!$C10:$N10,$C$3-1))) | E11: =IF(OR(C11="",D11=""),"",C11-D11) | F11: =IF(C11="","",IF('KPI list'!G10="Lower",IF(C11<=B11,"Green",IF(C11<=B11*(1+'KPI list'!H10),"Amber","Red")),IF(C11>=B11,"Green",IF(C11>=B11*(1-'KPI list'!H10),"Amber","Red")))) | G11: ='KPI list'!E10
A12: ='KPI list'!A11 | B12: ='KPI list'!F11 | C12: =IF(INDEX(Data!$C11:$N11,$C$3)="","",INDEX(Data!$C11:$N11,$C$3)) | D12: =IF($C$3<2,"",IF(INDEX(Data!$C11:$N11,$C$3-1)="","",INDEX(Data!$C11:$N11,$C$3-1))) | E12: =IF(OR(C12="",D12=""),"",C12-D12) | F12: =IF(C12="","",IF('KPI list'!G11="Lower",IF(C12<=B12,"Green",IF(C12<=B12*(1+'KPI list'!H11),"Amber","Red")),IF(C12>=B12,"Green",IF(C12>=B12*(1-'KPI list'!H11),"Amber","Red")))) | G12: ='KPI list'!E11
A13: ='KPI list'!A12 | B13: ='KPI list'!F12 | C13: =IF(INDEX(Data!$C12:$N12,$C$3)="","",INDEX(Data!$C12:$N12,$C$3)) | D13: =IF($C$3<2,"",IF(INDEX(Data!$C12:$N12,$C$3-1)="","",INDEX(Data!$C12:$N12,$C$3-1))) | E13: =IF(OR(C13="",D13=""),"",C13-D13) | F13: =IF(C13="","",IF('KPI list'!G12="Lower",IF(C13<=B13,"Green",IF(C13<=B13*(1+'KPI list'!H12),"Amber","Red")),IF(C13>=B13,"Green",IF(C13>=B13*(1-'KPI list'!H12),"Amber","Red")))) | G13: ='KPI list'!E12
A14: ='KPI list'!A13 | B14: ='KPI list'!F13 | C14: =IF(INDEX(Data!$C13:$N13,$C$3)="","",INDEX(Data!$C13:$N13,$C$3)) | D14: =IF($C$3<2,"",IF(INDEX(Data!$C13:$N13,$C$3-1)="","",INDEX(Data!$C13:$N13,$C$3-1))) | E14: =IF(OR(C14="",D14=""),"",C14-D14) | F14: =IF(C14="","",IF('KPI list'!G13="Lower",IF(C14<=B14,"Green",IF(C14<=B14*(1+'KPI list'!H13),"Amber","Red")),IF(C14>=B14,"Green",IF(C14>=B14*(1-'KPI list'!H13),"Amber","Red")))) | G14: ='KPI list'!E13
A15: ='KPI list'!A14 | B15: ='KPI list'!F14 | C15: =IF(INDEX(Data!$C14:$N14,$C$3)="","",INDEX(Data!$C14:$N14,$C$3)) | D15: =IF($C$3<2,"",IF(INDEX(Data!$C14:$N14,$C$3-1)="","",INDEX(Data!$C14:$N14,$C$3-1))) | E15: =IF(OR(C15="",D15=""),"",C15-D15) | F15: =IF(C15="","",IF('KPI list'!G14="Lower",IF(C15<=B15,"Green",IF(C15<=B15*(1+'KPI list'!H14),"Amber","Red")),IF(C15>=B15,"Green",IF(C15>=B15*(1-'KPI list'!H14),"Amber","Red")))) | G15: ='KPI list'!E14

Sheet KPI list
A1: KPI list
A2: Example KPIs for a fictional company. Replace them with yours.
A4: KPI | B4: Area | C4: Definition | D4: How it's calculated | E4: Owner | F4: Target | G4: Better when | H4: Amber band | I4: How often | J4: Number format
A5: Revenue | B5: Finance | C5: Invoiced sales in the month, excluding VAT | D5: From the P&L | E5: Finance director | F5: 320000 | G5: Higher | H5: 0.05 | I5: Monthly | J5: num
A6: Gross margin % | B6: Finance | C6: Gross profit as a share of revenue | D6: Gross profit / revenue | E6: Finance director | F6: 0.48 | G6: Higher | H6: 0.05 | I6: Monthly | J6: pct
A7: Cash at month end | B7: Finance | C7: Bank balances on the last day of the month | D7: Bank statements | E7: Finance director | F7: 250000 | G7: Higher | H7: 0.1 | I7: Monthly | J7: num
A8: Debtor days | B8: Finance | C8: How long customers take to pay, on average | D8: Trade debtors / annual revenue x 365 | E8: Credit controller | F8: 45 | G8: Lower | H8: 0.1 | I8: Monthly | J8: int
A9: Weighted sales pipeline | B9: Sales | C9: Open opportunities x probability of winning | D9: From the CRM | E9: Sales director | F9: 900000 | G9: Higher | H9: 0.1 | I9: Monthly | J9: num
A10: New customers won | B10: Sales | C10: Signed first orders in the month | D10: From the CRM | E10: Sales director | F10: 6 | G10: Higher | H10: 0.2 | I10: Monthly | J10: int
A11: On-time delivery % | B11: Operations | C11: Orders delivered by the promised date | D11: On-time orders / all orders | E11: Operations manager | F11: 0.95 | G11: Higher | H11: 0.03 | I11: Monthly | J11: pct
A12: Customer complaints | B12: Customers | C12: Formal complaints logged | D12: Complaints log | E12: Operations manager | F12: 3 | G12: Lower | H12: 0.5 | I12: Monthly | J12: int
A13: Staff turnover (rolling 12 months) | B13: People | C13: Leavers in the last 12 months / average headcount | D13: HR records | E13: Managing director | F13: 0.12 | G13: Lower | H13: 0.2 | I13: Monthly | J13: pct
A14: Revenue per employee (annualised) | B14: People | C14: Last 12 months' revenue / average headcount | D14: P&L and HR records | E14: Managing director | F14: 95000 | G14: Higher | H14: 0.05 | I14: Quarterly | J14: num

Sheet Data
A1: Data
A2: Enter each month's results. Example figures for a fictional company.
A3: First month | B3: 46023
A4: KPI | B4: Target | C4: =EDATE($B$3,0) | D4: =EDATE($B$3,1) | E4: =EDATE($B$3,2) | F4: =EDATE($B$3,3) | G4: =EDATE($B$3,4) | H4: =EDATE($B$3,5) | I4: =EDATE($B$3,6) | J4: =EDATE($B$3,7) | K4: =EDATE($B$3,8) | L4: =EDATE($B$3,9) | M4: =EDATE($B$3,10) | N4: =EDATE($B$3,11)
A5: ='KPI list'!A5 | B5: ='KPI list'!F5 | C5: 296000 | D5: 305000 | E5: 331000 | F5: 318000 | G5: 336000 | H5: 341000 | I5: 309000 | J5: 287000 | K5: 327000
A6: ='KPI list'!A6 | B6: ='KPI list'!F6 | C6: 0.47 | D6: 0.49 | E6: 0.48 | F6: 0.46 | G6: 0.49 | H6: 0.5 | I6: 0.47 | J6: 0.44 | K6: 0.48
A7: ='KPI list'!A7 | B7: ='KPI list'!F7 | C7: 271000 | D7: 262000 | E7: 248000 | F7: 259000 | G7: 241000 | H7: 236000 | I7: 252000 | J7: 238000 | K7: 214000
A8: ='KPI list'!A8 | B8: ='KPI list'!F8 | C8: 44 | D8: 46 | E8: 43 | F8: 47 | G8: 49 | H8: 48 | I8: 46 | J8: 51 | K8: 53
A9: ='KPI list'!A9 | B9: ='KPI list'!F9 | C9: 870000 | D9: 910000 | E9: 940000 | F9: 905000 | G9: 880000 | H9: 925000 | I9: 960000 | J9: 890000 | K9: 845000
A10: ='KPI list'!A10 | B10: ='KPI list'!F10 | C10: 5 | D10: 7 | E10: 6 | F10: 8 | G10: 6 | H10: 5 | I10: 7 | J10: 4 | K10: 6
A11: ='KPI list'!A11 | B11: ='KPI list'!F11 | C11: 0.96 | D11: 0.95 | E11: 0.93 | F11: 0.97 | G11: 0.96 | H11: 0.94 | I11: 0.95 | J11: 0.91 | K11: 0.94
A12: ='KPI list'!A12 | B12: ='KPI list'!F12 | C12: 2 | D12: 3 | E12: 4 | F12: 1 | G12: 2 | H12: 3 | I12: 2 | J12: 5 | K12: 3
A13: ='KPI list'!A13 | B13: ='KPI list'!F13 | C13: 0.1 | D13: 0.11 | E13: 0.11 | F13: 0.12 | G13: 0.13 | H13: 0.13 | I13: 0.12 | J13: 0.14 | K13: 0.15
A14: ='KPI list'!A14 | B14: ='KPI list'!F14 | C14: 92000 | D14: 93000 | E14: 94000 | F14: 94500 | G14: 95500 | H14: 96000 | I14: 95000 | J14: 93500 | K14: 94000
